 Dungeon Crawl Stone Soup version 0.31-a0-219-g8d62b2e7bb (webtiles) character file.

Game seed: 15304167960697903052

65 Pooter the Trooper (level 3, 0/29 HPs)
             Began as a Demonspawn Berserker on July 3, 2023.
             Was a Believer of Trog.
             Succumbed to an adder's poison
             ... on level 2 of the Dungeon.
             The game lasted 00:05:49 (1111 turns).

Pooter the Trooper (Demonspawn Berserker)           Turns: 1111, Time: 00:05:50

Health: 0/29       AC:  2    Str: 16 (19) XL:     3   Next: 92%
Magic:  3/3        EV: 11    Int:  7 (8)  God:    Trog [**....]
Gold:   87         SH:  0    Dex:  8 (10) Spells: 2/2 levels left

rFire   . . .        a - +3 whip of the Delicate God {heavy, rC+ rN+ Dex-2}
rCold   + . .        (no shield)
rNeg    + . .        h - +0 animal skin
rPois   .            (no helmet)
rElec   .            (no cloak)
rCorr   .            (no gloves)
SInv    .            (no boots)
Will    .....        (no amulet)
Stlth   +            (no ring)
HPRegen 0.24/turn    (no ring)
MPRegen 0.08/turn

%: no passive effects
@: lethally poisoned (0 -> -1), attractive
A: claws 2
a: Renounce Religion, Berserk, Trog's Hand


You were on level 2 of the Dungeon.
You worshipped Trog.
Trog was pleased with you.
You visited 1 branch of the dungeon, and saw 2 of its levels.

You collected 87 gold pieces.

Inventory:

Hand Weapons
 a - the +3 whip of the Delicate God (weapon) {heavy, rC+ rN+ Dex-2}
   (You found it on level 2 of the Dungeon)

   Dex:       It affects your dexterity (-2).
   rC:        It protects you from cold.
   rN:        It protects you from negative energy.
 b - a +0 sling
   (You found it on level 1 of the Dungeon)
 j - a +0 hand axe
Missiles
 c - 5 atropa-tipped darts
 f - 9 poisoned darts (quivered)
 Q - 16 stones
Armour
 h - a +0 animal skin (worn)
Scrolls
 e - a scroll of fear {unknown}
Potions
 g - a potion of attraction {!q}
 i - a potion of mutation {unknown}


   Skills:
 + Level 3.5 Fighting
 - Level 3.4(3.5) Axes
 * Level 1.0(2.4) Maces & Flails
 * Level 1.2 Ranged Weapons
 - Level 1.7 Armour
 - Level 1.7 Dodging


You had 2 spell levels left.
You didn't know any spells.
Your spell library was empty.

Dungeon Overview and Level Annotations

Branches:
Dungeon (2/15) Zot: 10854

Altars:

Shops:
D:1 =


Innate Abilities, Weirdness & Mutations

You have very sharp fingernails.


Message History

The adder poisons the plant!
An adder is nearby!
Something bites the plant. x2
Something bites the plant.
Something completely misses the plant.
A nearby plant withers and dies.
The adder misses you. The adder bites you. The adder barely misses you.
You closely miss the adder. The adder bites you. x2
You are poisoned.
The adder poisons you!
You hit the adder.
You feel sick. The adder bites you but does no damage.
The adder closely misses you.
You barely miss the adder.
You feel sick. The adder barely misses you. The adder bites you.
You are too injured to fight recklessly!
You miss the adder.
You feel sick.
You are no longer poisoned.
The adder completely misses you.
You closely miss the adder. The adder bites you.
* * * LOW HITPOINT WARNING * * *
The adder barely misses you.
You hit the adder. The adder bites you.
* * * LOW HITPOINT WARNING * * *
The adder bites you.
* * * LOW HITPOINT WARNING * * *
You barely miss the adder. The adder bites you.
* * * LOW HITPOINT WARNING * * *
You are lethally poisoned!
The adder poisons you! The adder barely misses you.
You closely miss the adder.
* * * LOW HITPOINT WARNING * * *
You feel very sick. The adder bites you but does no damage.
The adder barely misses you.
You miss the adder.
* * * LOW HITPOINT WARNING * * *
You feel sick. The adder closely misses you. x2
You whack the adder!
You kill the adder!
Trog accepts your kill.
* * * LOW HITPOINT WARNING * * *
You feel sick.
Your base Maces & Flails skill increases to level 1!
It was a potion of attraction.
You feel attractive to monsters.
* * * LOW HITPOINT WARNING * * *
You feel sick.
It was a potion of degeneration.
There was something very wrong with that liquid.
You feel weakened.
You feel dopey.
You feel clumsy.
You die...

...#... #####...~PP. .
#......~P~~ .# ..##.....P~P♣ P..#
.........P~♣ ~..# ...#....P~♣♣
P.P# .........~P♣ ~..# ..
#......@P~♣♣♣♣♣..# ###.###.
#..##.#P~~~P♣P~~# .......... #
###P~~~~PP# .........#
###~PP.######## .........###.
####........# ♣~~P♣.....##. .
♣♣♣♣♣♣♣♣##.# .~P.P..#..##.#.
♣♣.8_8..♣♣#.# †P♣~....~~~♣...
♣♣♣.†......♣♣.#
......#..~~P..###♣..♣♣)..♣...♣.##


There were no monsters in sight!

Vanquished Creatures
  2 adders (D:2)
  2 worms (D:2)
  A dart slug (D:1)
  2 bats (D:2)
  4 endoplasms
  A giant cockroach (D:1)
  5 goblins
  5 hobgoblins
  3 kobolds
  A quokka (D:2)
  4 ball pythons
  A frilled lizard (D:2)
  5 rats
36 creatures vanquished.

Notes
Turn   | Place    | Note
-------+----------+-------------------------------------------
     0 | D:1      | Pooter the Demonspawn Berserker began the quest for the
                  | Orb.
     0 | D:1      | Reached XP level 1. HP: 18/18 MP: 1/1
    90 | D:1      | Gained mutation: You have sharp fingernails. [demonic
                  | ancestry]
    90 | D:1      | Reached XP level 2. HP: 5/24 MP: 2/2
   170 | D:1      | Found Olumeg's Jewellery Shoppe.
   632 | D:2      | Gained mutation: You have very sharp fingernails. [demonic
                  | ancestry]
   632 | D:2      | Reached XP level 3. HP: 26/29 MP: 3/3
   685 | D:2      | Identified the +3 whip of the Delicate God {heavy, rC+ rN+
                  | Dex-2}
   814 | D:2      | HP: 1/29 [worm (11)]
   965 | D:2      | Reached ** piety under Trog
   995 | D:2      | Found a faded altar of an unknown god.
  1004 | D:2      | Reached skill level 1 in Ranged Weapons
  1110 | D:2      | Reached skill level 1 in Maces & Flails
  1110 | D:2      | HP: 1/29 [poisoned by an adder]
  1111 | D:2      | Succumbed to an adder's poison

Illustrated notes

Levels and vault maps discovered:
D:1:      ncdulo_smallfort, layout_rooms, serial_shops,
          nicolae_shop_gaudy_bauble
D:2:      layout_rooms, serial_bayou, serial_bayou_pond_d, serial_bayou_pond_c,
          serial_bayou_pond_d, serial_bayou_pond_e,
          shapermc_ecumenical_altar_totnotflames, serial_park_tiny_pond,
          nicolae_hexahallways

Skill      XL: |  1  2  3 |
---------------+----------+-----
Axes           | 3 |  3.4
Ranged Weapons | 1 |  1.2
Maces & Flails | 1 |  1.0
Fighting       | |  3.5
Armour         | |  1.7
Dodging        | |  1.7

Action                     || total
---------------------------++-------
  Melee: Hand axe          ||    47
         Whip              ||    40
   Fire: Sling             ||    12
  Throw: Dart              ||     3
 Invoke: Berserk           ||     1
    Use: Potion            ||     2
   Stab: Sleeping          ||     1
 Armour: Animal skin       ||    18
  Dodge: Dodged            ||    65

Table legend: (Time is in decaauts)
 A = Elapsed time spent in this place.
 B = Non-inter-level travel time spent in this place.
 C = Inter-level travel time spent in this place.
 D = Time resting spent in this place.
 E = Time spent auto-exploring this place.
 F = Levels seen in this place.
 G = Mean time per level.
                   A        B        C        D        E       F      G
               +--------+--------+--------+--------+--------+-----+--------+
         Total |   1145 |   1145 |      0 |    199 |    651 |   2 |  572.5 |
       Dungeon |   1145 |   1145 |      0 |    199 |    651 |   2 |  572.5 |
               +--------+--------+--------+--------+--------+-----+--------+

Top non-repeatable levels by time:
     D:1: 589 daAuts
     D:2: 555 daAuts
